 Dungeon Crawl Stone Soup version 0.18.1-50-g88ac8fd (webtiles) character file.

682036 Peloso the Swordmaster (level 27, -6/244 (245) HPs)
             Began as a Minotaur Fighter on Sept 27, 2016.
             Was the Champion of Okawaru.
             Killed from afar by a black draconian (19 damage)
             ... with a bolt of lightning
             ... on level 3 of the Realm of Zot on Sept 28, 2016.
             The game lasted 05:22:21 (87875 turns).

Peloso the Swordmaster (Minotaur Fighter)          Turns: 87875, Time: 05:22:22

HP:   -6/244 (245)  AC: 53    Str: 44    XL:     27
MP:   29/29         EV: 14    Int:  8    God:    Okawaru [******]
Gold: 5894          SH: 34    Dex: 18    Spells: 0 memorised, 26 levels left

rFire  + + .     SeeInvis +     h - +9 falchion of Waarhau {flame, rN+ Dex+4}
rCold  + + .     Gourm    +     o - +9 gold dragon armour
rNeg   + . .     Faith    .     i - +1 large shield {reflect}
rPois  +         Spirit   .     A - +2 hat {MR+}
rElec  .         Dismiss  .     M - +4 cloak of Uckuikh {rC+ Str+3 SInv}
rCorr  .         Reflect  +     X - +1 pair of gloves of Nomagrie {MR+ Int+3}
SustAt .         Harm     .     k - +2 pair of boots {Fly}
MR     ++++.     Rnd*Rage +     u - amulet of the gourmand
Stlth  ..........               V - ring "Yddadghi" {+Blink +Fly rPois Str+9 Dex-2}
                                E - ring "Reni Dausair" {rPois rF+ Str+4}

@: flying, incredibly resistant to hostile enchantments, extremely unstealthy
A: retaliatory headbutt, horns 2, large bone plates 1, berserk 1, frail 1,
evolution 1, subdued magic 1
a: Heroism, Finesse, Renounce Religion, Evoke Blink, Stop Flying
}: 4/15 runes: decaying, serpentine, slimy, silver


You were on level 3 of the Realm of Zot.
You worshipped Okawaru.
Okawaru was exalted by your worship.
You were not hungry.

You visited 12 branches of the dungeon, and saw 59 of its levels.
You visited 1 bazaar.
You also visited: Labyrinth, Ossuary, Bailey and Wizlab.

You collected 9024 gold pieces.
You spent 3130 gold pieces at shops.

Inventory:

Hand Weapons
 h - the +9 falchion of Waarhau (weapon) {flame, rN+ Dex+4}
   (You found it on level 6 of the Pits of Slime)

   It has been specially enchanted to burn those struck by it, causing extra
   injury to most foes and up to half again as much damage against particularly
   susceptible opponents.
   Big, fiery blades are also staple armaments of hydra-hunters.
   It affects your dexterity (+4).
   It protects you from negative energy.
 N - a +5 demon blade of electrocution
Armour
 i - a +1 large shield of reflection (worn)
 k - a +2 pair of boots of flying (worn)
 o - a +9 gold dragon armour (worn)
 A - a +2 hat of magic resistance (worn)
 B - a +1 buckler of protection
 L - a +1 hat of see invisible
 M - the +4 cloak of Uckuikh (worn) {rC+ Str+3 SInv}
   (You found it in a wizard's laboratory)

   It affects your strength (+3).
   It protects you from cold.
   It lets you see invisible.
 Q - the +1 cloak of the Original Sin {*Drain rN+ Stlth+}
   (Okawaru gifted it to you on level 5 of the Depths)

   It protects you from negative energy.
   It causes draining when unequipped.
   It makes you more stealthy.
 X - the +1 pair of gloves of Nomagrie (worn) {MR+ Int+3}
   (Okawaru gifted it to you on level 2 of the Swamp)

   It affects your intelligence (+3).
   It affects your resistance to hostile enchantments.
Jewellery
 b - the ring "Syklet" {rF+ MR+++ MP-9 Int-5 Stlth+}
   (You found it on level 3 of the Depths)

   [ring of protection from fire]

   It affects your intelligence (-5).
   It protects you from fire.
   It affects your resistance to hostile enchantments.
   It affects your magic capacity (-9).
   It makes you more stealthy.
 s - a +6 amulet of reflection
 u - an amulet of the gourmand (around neck)
 x - the amulet of the Queen {rElec Regen+ Dex+6 Stlth-}
   (You found it on level 3 of the Crypt)

   [amulet of regeneration]

   It affects your dexterity (+6).
   It insulates you from electricity.
   It increases your rate of regeneration.
   It makes you less stealthy.
 E - the ring "Reni Dausair" (left hand) {rPois rF+ Str+4}
   (You took it off a tengu reaver on level 5 of the Vaults)

   [ring of poison resistance]

   It affects your strength (+4).
   It protects you from fire.
   It protects you from poison.
 V - the ring "Yddadghi" (right hand) {+Blink +Fly rPois Str+9 Dex-2}
   (You found it in a labyrinth)

   [ring of poison resistance]

   It affects your strength (+9).
   It affects your dexterity (-2).
   It protects you from poison.
   It lets you fly.
   It lets you blink.
Wands
 a - a wand of random effects (27/48)
 j - a wand of digging (15/24)
 n - a wand of teleportation (3/9)
 y - a wand of iceblast (2/15)
 P - a wand of teleportation (3/9)
 R - a wand of hasting (2/9)
 W - a wand of disintegration (6/24)
Scrolls
 c - 4 scrolls of magic mapping
 e - 17 scrolls of identify
 g - 31 scrolls of remove curse
 v - 10 scrolls of teleportation
 z - 11 scrolls of recharging
 C - a scroll of fog
 H - 4 scrolls of summoning
 J - a scroll of blinking
 K - 6 scrolls of fear
 O - 3 scrolls of silence
 S - a scroll of enchant armour
Potions
 d - 4 potions of might
 l - 19 potions of curing
 m - 7 potions of heal wounds
 q - 2 potions of ambrosia
 r - 5 potions of berserk rage
 t - 6 potions of resistance
 G - 6 potions of haste
 I - 7 potions of agility
 Y - a potion of invisibility
Books
 D - a book of Death

   Spells                             Type                      Level
   a - Corpse Rot                     Necromancy                   2
   b - Sublimation of Blood           Necromancy                   2
   c - Agony                          Necromancy                   5
   d - Dispel Undead                  Necromancy                   5
   e - Excruciating Wounds            Charms/Necromancy            5
   f - Bolt of Draining               Conjuration/Necromancy       5
Comestibles
 f - 21 bread rations
 p - 24 meat rations
 w - 3 fruits
 F - 4 beef jerkies
 T - 9 royal jellies
 U - 4 chunks of flesh


   Skills:
 O Level 27 Fighting
 O Level 27 Long Blades
 O Level 27 Armour
 + Level 7.3 Dodging
 + Level 5.1 Stealth
 O Level 27 Shields
 + Level 7.1 Invocations
 + Level 10.3 Evocations


You had 26 spell levels left.
You didn't know any spells.

Dungeon Overview and Level Annotations

Branches:
Dungeon (15/15)            Temple (1/1) D:4            Lair (8/8) D:10
  Swamp (4/4) Lair:6        Snake (4/4) Lair:5        Slime (6/6) Lair:7
    Orc (2/2) D:10            Elf (3/3) Orc:2        Vaults (5/5) D:14
  Crypt (3/3) Vaults:3       Tomb (0/3) Crypt:3      Depths (5/5) D:15
    Zot (3/5) Depths:5

Altars:
Ashenzari
Cheibriados
Dithmenos
Elyvilon
Fedhas
Gozag
Kikubaaqudgha
Makhleb
Nemelex Xobeh
Okawaru
Pakellas
Qazlal
Ru
Sif Muna
Trog
Vehumet
Xom
Yredelemnul
Zin
The Shining One
Beogh
Jiyva

Shops:
D:9 ([*:   D:12 [   Orc:2 *[=(   Elf:1 [   Snake:4 %   Vaults:4 !   Vaults:5 *
Depths:3 =   Depths:4 (   Depths:5 !

Portals:
Hell: Depths:1 Depths:2 Depths:3 Depths:4 Depths:5
Abyss: Depths:3 Depths:4
Pandemonium: Depths:1 Depths:2 Depths:3 Depths:5
Ziggurat: Depths:1


Innate Abilities, Weirdness & Mutations

You reflexively headbutt those who attack you in melee.
You have a pair of horns on your head.
You are partially covered in large bone plates (AC +2, SH +2).
You tend to lose your temper in combat.
You are frail (-10% HP).
You evolve.
Your spells are a little easier to cast, but a little less powerful.


Message History

The storm dragon is severely wounded.
You block the storm dragon's attack. x3
Unknown command.
You hit the storm dragon. You burn the storm dragon.
The storm dragon is severely wounded.
Unknown command.
You hit the storm dragon. You burn the storm dragon.
You headbutt the storm dragon!
You kill the storm dragon!
Okawaru accepts your kill.
A black draconian comes into view. It is wielding a long sword.
You see here a storm dragon corpse.
You butcher the storm dragon corpse.
Things that are here:
a storm dragon hide; 6 chunks of flesh Eat one of 5 chunks of flesh? (ye/n/q/i?) This raw flesh is not very appetising.
The black draconian breathes lightning at you.
The bolt of lightning hits you!
You die...

#...... '.....
#d... #...#####
#^.$#...#
#...#...#
#...#...+
#####...#...####
#......@#.8.....
#.......#......8
#...)...†...!...
#..)#####...[...
#...# ...!...
#.#..)# 8...[..
..#...# .....8.
#.#...#######+#...
..#.......... ...


You could see a black draconian.

Vanquished Creatures
  the Royal Jelly (Slime:6)
  3 orbs of fire
  An ancient lich (Crypt:3)
  2 juggernauts
  Norris (Snake:3)
  Saint Roka (Vaults:1)
  Margery (Crypt:1)
  Vashnia (Snake:3)
  A Killer Klown (Zot:3)
  8 golden dragons
  A bone dragon (Crypt:3)
  Xtahua (Depths:3)
  Nikola (Depths:1)
  An electric golem (Zot:3)
  Jorgrun (Snake:2)
  A shard shrike skeleton (Crypt:2)
  12 liches
  11 tentacled monstrosities
  A quicksilver dragon (Vaults:5)
  19 acid blobs
  9 titans
  2 deep elf blademasters
  A deep elf master archer (Elf:3)
  Asterion (Vaults:2)
  A tentacled starspawn (WizLab)
  An eldritch tentacle (WizLab)
  Frances (Snake:1)
  8 death cobs
  2 ancient champions
  Gastronok (D:9)
  6 sphinxes
  3 shadow dragons
  A daeva (Depths:1)
  10 storm dragons
  6 tengu reavers
  2 thorn hunters
  15 azure jellies
  Roxanne (Swamp:1)
  Agnes (Snake:4)
  Donald (Swamp:1)
  3 revenants
  12 fire giants
  11 greater nagas
  9 deep elf sorcerers
  17 vault wardens
  8 frost giants
  4 iron dragons
  2 orc warlords (Orc:2)
  2 draconian zealots
  A ghost moth (Zot:1)
  9 ghouls
  A balrug (Depths:1)
  7 deep elf elementalists
  A draconian shifter (Zot:1)
  2 draconian scorchers
  2 curse skulls
  A draconian annihilator (Zot:3)
  5 war gargoyles
  3 caustic shrike skeletons
  16 very ugly things
  25 stone giants
  21 ironheart preservers
  The ghost of Christof the Bludgeoner, a journeyman MiFi of Okawaru (D:11)
  8 vampire knights
  10 deep elf annihilators
  2 white draconians (Zot:2)
  2 salamander stormcallers
  Nessos (Lair:8)
  2 green draconians
  7 mottled draconians
  5 yellow draconians
  6 deep elf demonologists
  Azrael (Snake:1)
  3 black draconians
  A red draconian (Depths:5)
  4 purple draconians
  16 ettins
  A green death (Depths:3)
  7 death oozes
  2 spark wasps (Depths:2)
  Snorg (D:12)
  A blizzard demon (Depths:5)
  3 eidola
  The ghost of Gargoyl the Corrupter of Planes, a journeyman DsAK of Lugonu (Lair:3)
  33 vault guards
  2 jiangshi (Crypt:3)
  17 fire dragons
  18 yaktaur captains
  A minotaur (Lab)
  12 deep elf death magi
  5 rakshasas
  18 great orbs of eyes
  An entropy weaver (Depths:3)
  6 deep elf high priests
  2 merfolk impalers
  18 ogre magi
  2 ghost crabs
  19 naga warriors
  22 hydras
  2 spriggan air magi
  13 ice dragons
  A catoblepas (Lair:6)
  2 death knights
  A ghost crab (shapeshifter) (Depths:1)
  14 anacondas
  An anaconda (shapeshifter) (Depths:2)
  8 deep troll shamans
  4 alligators
  11 centaur warriors
  A death yak (shapeshifter) (Vaults:4)
  39 dancing weapons
  9 deep troll earth magi
  A tengu warrior (D:12)
  10 death yaks
  Urug (Lair:3)
  3 thrashing horrors (WizLab)
  13 naga sharpshooters
  A titan zombie (Vaults:3)
  2 spriggan berserkers
  3 orc high priests (Orc:2)
  14 shock serpents
  7 vampire magi
  A shock serpent (shapeshifter) (Vaults:5)
  2 titan skeletons
  23 hell knights
  A sun demon (Depths:2)
  4 fire crabs
  A salamander mystic (Snake:3)
  2 iron trolls
  3 storm dragon zombies
  28 deep elf knights
  30 skeletal warriors
  A fire crab (shapeshifter) (Vaults:1)
  4 shadow wraiths
  A storm dragon skeleton (Crypt:3)
  4 unseen horrors
  3 shambling mangroves
  7 giant orange brains
  5 flayed ghosts
  An anaconda zombie (Crypt:3)
  An infernal demonspawn (Depths:1)
  2 gelid demonspawn (Depths:5)
  3 wizards
  7 starcursed masses (WizLab)
  An orange crystal statue (Elf:2)
  14 sea snakes (Snake:4)
  A lindwurm (Swamp:4)
  7 naga ritualists
  11 swamp dragons
  33 deep trolls
  18 ironbrand convokers
  7 phantasmal warriors
  A shadow dragon zombie (Crypt:3)
  2 tengu zombies
  A lindwurm (shapeshifter) (D:15)
  An obsidian statue (WizLab)
  8 hill giants
  An anaconda skeleton (Crypt:2)
  23 deep elf archers
  A sphinx zombie (Depths:3)
  6 necromancers
  6 orc sorcerers
  2 iron dragon zombies
  4 harpies
  3 harpies (shapeshifter)
  40 ugly things
  21 orc knights
  4 griffons
  A mana viper (shapeshifter) (Vaults:4)
  5 cyclopes
  87 deep elf magi
  8 mana vipers
  3 shining eyes
  6 wolf spiders
  A fire giant zombie (Crypt:2)
  A stone giant zombie (Depths:2)
  A worldbinder (WizLab)
  2 hornets
  11 moths of wrath
  A manticore (shapeshifter) (D:12)
  A shadow dragon skeleton (Crypt:2)
  9 sixfirhies
  A frost giant zombie (Vaults:5)
  17 salamanders
  16 elephants
  41 black mambas
  12 guardian serpents
  5 eyes of devastation
  16 vault sentinels
  A fire giant skeleton (Crypt:3)
  A torpor snail (shapeshifter) (Vaults:4)
  A water nymph (shapeshifter) (D:12)
  3 frost giant skeletons
  5 gargoyles
  23 naga magi
  A human skeleton (Vaults:5)
  8 smoke demons
  2 molten gargoyles (Swamp:4)
  2 rust devils
  18 spiny frogs
  7 komodo dragons
  3 rime drakes
  An orange demon (WizLab)
  2 kobold demonologists (Swamp:3)
  A mottled draconian zombie (Crypt:1)
  42 yaktaurs
  3 ice devils
  A yaktaur zombie (Vaults:3)
  A demonspawn skeleton (WizLab)
  3 efreet
  A hellion (Depths:2)
  A komodo dragon (shapeshifter) (D:14)
  A demonic crawler (WizLab)
  4 freezing wraiths
  2 hellwings
  A red devil (Depths:5)
  4 spriggan druids
  11 trolls
  5 giant leeches
  A queen bee (shapeshifter) (Elf:2)
  A harpy zombie (D:14)
  4 tengu conjurers
  27 two-headed ogres
  A jumping spider (shapeshifter) (Vaults:1)
  A jumping spider (Vaults:4)
  A polar bear (shapeshifter) (D:10)
  9 polar bears (Lair:8)
  A raiju (shapeshifter) (Depths:3)
  A two-headed ogre (shapeshifter) (Vaults:4)
  14 blink frogs
  9 bog bodies
  A tengu simulacrum (Vaults:3)
  A harpy skeleton (Crypt:3)
  A slime creature (shapeshifter) (Vaults:3)
  A raiju (WizLab)
  An ice dragon zombie (Crypt:3)
  An ettin zombie (Depths:2)
  9 boulder beetles
  144 slime creatures
  A fire giant simulacrum (Depths:4)
  A stone giant simulacrum (Vaults:3)
  4 large abominations
  5 flying skulls (Crypt:1)
  A black mamba zombie (Crypt:1)
  5 air elementals
  2 fire dragon skeletons (Crypt:3)
  9 vampires
  An alligator skeleton (Crypt:3)
  8 water elementals
  The ghost of Eagererscroll the Ruffian, an amateur TrMo of Okawaru (D:4)
  2 redbacks (shapeshifter)
  9 redbacks
  A spriggan (shapeshifter) (Depths:2)
  7 shadows
  A spriggan skeleton (Depths:2)
  3 ynoxinuls
  15 spriggans
  64 yaks
  A wyvern (shapeshifter) (Depths:1)
  A spriggan simulacrum (Depths:3)
  A wyvern (D:15)
  A human (shapeshifter) (Vaults:1)
  A yak (shapeshifter) (Depths:2)
  2 wraiths (Vaults:3)
  A hog (shapeshifter) (Vaults:3)
  7 basilisks
  10 golden eyes
  3 steam dragons
  7 hungry ghosts
  14 hippogriffs
  2 chaos spawn (Depths:4)
  2 hippogriffs (shapeshifter) (D:15)
  10 fire elementals
  A yaktaur simulacrum (Vaults:1)
  10 wargs
  A redback simulacrum (Vaults:3)
  38 vampire mosquitoes
  3 spatial vortices (WizLab)
  8 mottled dragons
  10 insubstantial wisps
  A monstrous demonspawn zombie (Crypt:1)
  A merfolk zombie (Crypt:1)
  88 nagas
  An infernal demonspawn zombie (Crypt:2)
  13 swamp worms
  A giant eyeball (Depths:5)
  13 water moccasins
  2 hell hounds (Snake:1)
  13 porcupines
  12 black bears
  6 ice beasts
  A spiny frog zombie (Crypt:3)
  A sky beast (D:5)
  3 necrophages
  63 orc warriors
  7 swamp drakes
  A black bear (shapeshifter) (Vaults:3)
  19 wasps
  4 boggarts
  16 eyes of draining
  22 wolves
  51 ogres
  23 centaurs
  A manticore skeleton (Crypt:2)
  A snapping turtle skeleton (Crypt:3)
  9 crocodiles
  A tengu (shapeshifter) (Vaults:5)
  3 elf zombies
  2 big kobolds
  21 giant frogs
  8 gnoll sergeants (Bailey)
  11 small abominations
  4 earth elementals
  2 scorpions
  2 human simulacra
  18 wights
  11 killer bees
  6 howler monkeys
  2 electric eels (Lair:1)
  8 crimson imps
  5 centaur zombies
  2 quasits
  2 giant frog zombies
  6 human zombies
  7 hounds
  52 jellies
  29 orc priests
  31 orc wizards
  6 gnoll shamans (Bailey)
  4 iron imps
  4 centaur skeletons
  13 iguanas
  Jessica (D:2)
  A giant frog skeleton (D:6)
  Natasha (D:3)
  Terence (D:2)
  A porcupine zombie (Crypt:1)
  12 worker ants
  3 sheep (Vaults:1)
  2 big kobold zombies (Ossuary)
  A mottled dragon skeleton (Crypt:1)
  A felid skeleton (Crypt:1)
  A hound skeleton (D:5)
  3 mummies (Ossuary)
  5 howler monkey zombies
  Robin (D:2)
  2 worker ant zombies (D:9)
  22 gnolls
  A howler monkey skeleton (D:8)
  10 adders
  49 river rats
  10 shadow imps
  4 white imps
  2 ufetubi (Depths:1)
  3 oozes
  6 adder zombies (Ossuary)
  An adder skeleton (D:9)
  3 worms
  A dart slug (D:1)
  8 giant geckos
  121 orcs
  3 giant cockroaches
  19 goblins
  9 hobgoblins
  2 jackals (D:4)
  5 quokkas
  A ball python (D:2)
  5 bats
  3 giant newts
  4 goblin zombies
  A hobgoblin zombie (Ossuary)
  5 jackal zombies (Ossuary)
  15 kobolds
  6 kobold zombies
  2 orc zombies (Ossuary)
  4 quokka zombies
  2 rats
  2 rat zombies (Ossuary)
  A briar patch (Swamp:1)
  A bush (Lair:6)
  A butterfly (Lair:1)
  2 crawling corpses
  3 fungi
  A lost soul (Crypt:3)
  4 plants
  3 starspawn tentacles (WizLab)
  A withered plant (Crypt:3)
2998 creatures vanquished.

Vanquished Creatures (others)
  2 tengu reavers
  A fire giant (Depths:4)
  A vault warden (Vaults:2)
  A stone giant (Depths:4)
  5 yaktaur captains
  3 centaur warriors
  A naga sharpshooter (Snake:4)
  A deep elf knight (Elf:3)
  4 deep elf archers
  A wizard (Vaults:1)
  A deep elf mage (Elf:3)
  An ironbrand convoker (Vaults:1)
  11 yaktaurs
  A steam dragon (Swamp:4)
  An insubstantial wisp (Swamp:2)
  2 nagas (Snake:4)
  2 swamp drakes (Swamp:4)
  An ogre (Vaults:2)
  5 centaurs
  A jelly (Slime:1)
  An orc (Orc:1)
  A briar patch (Swamp:1)
  3029 eldritch tentacle segments (WizLab)
  21 fungi
  9 lost souls
  16 plants
  36 starspawn tentacle segments (WizLab)
  6 toadstools (Swamp:1)
  46 withered plants (Crypt:3)
3211 creatures vanquished.

Grand Total: 6209 creatures vanquished

Notes
Turn   | Place    | Note
--------------------------------------------------------------
     0 | D:1      | Peloso the Minotaur Fighter began the quest for the Orb.
     0 | D:1      | Reached XP level 1. HP: 19/19 MP: 0/0
   136 | D:1      | Reached XP level 2. HP: 23/27 MP: 1/1
   749 | D:1      | Reached XP level 3. HP: 33/33 MP: 2/2
   973 | D:2      | Found a faded altar to an unknown god.
   998 | D:2      | Noticed Robin
  1019 | D:2      | Killed Robin
  1264 | D:2      | Noticed Jessica
  1264 | D:2      | Noticed Terence
  1281 | D:2      | Killed Jessica
  1281 | D:2      | Reached XP level 4. HP: 31/40 MP: 3/3
  1287 | D:2      | Killed Terence
  1287 | D:2      | Reached skill level 1 in Dodging
  1471 | D:2      | Reached skill level 5 in Armour
  1723 | D:3      | Reached XP level 5. HP: 41/47 MP: 4/4
  2204 | D:3      | Noticed Natasha
  2209 | D:3      | Killed Natasha
  2387 | D:4      | Found a staircase to the Ecumenical Temple.
  2396 | D:4      | Noticed Eagererscroll's ghost (amateur TrMo)
  2404 | D:4      | Reached XP level 6. HP: 50/53 MP: 5/5
  2411 | D:4      | Killed Eagererscroll's ghost
  2412 | D:4      | Reached skill level 5 in Fighting
  2647 | D:4      | Reached skill level 5 in Shields
  2647 | D:4      | Reached XP level 7. HP: 59/61 MP: 6/6
  2683 | D:4      | Found a sand-covered staircase.
  2699 | Ossuary  | Entered an ossuary
  2715 | Ossuary  | Reached skill level 5 in Long Blades
  3132 | Ossuary  | Reached XP level 8. HP: 65/70 MP: 7/7
  3496 | D:5      | Entered Level 5 of the Dungeon
  3750 | D:5      | Found an oddly glowing altar of Pakellas.
  3843 | D:5      | Found a sacrificial altar of Ru.
  4226 | D:5      | Found an opulent altar of Gozag.
  4670 | Temple   | Entered the Ecumenical Temple
  5565 | D:6      | Reached skill level 1 in Stealth
  5565 | D:6      | Reached XP level 9. HP: 61/79 MP: 8/8
  6162 | D:7      | Found a basalt altar of Yredelemnul.
  6167 | D:7      | Found a bloodstained altar of Trog.
  6167 | D:7      | Found a shadowy altar of Dithmenos.
  6183 | D:7      | Found an ancient bone altar of Kikubaaqudgha.
  6186 | D:7      | Found an iron altar of Okawaru.
  6193 | D:7      | Became a worshipper of Warmaster Okawaru
  6392 | D:7      | Found a deep blue altar of Sif Muna.
  7008 | D:8      | Noticed a deep elf mage
  7018 | D:8      | Killed a deep elf mage
  7132 | D:8      | Reached * piety under Okawaru
  7136 | D:8      | Reached XP level 10. HP: 77/88 MP: 9/9
  7507 | D:9      | Found Qutwemae's Antique Armour Shoppe.
  7553 | D:9      | Found a roughly hewn altar of Beogh.
  7571 | D:9      | Bought an embroidered hat for 100 gold pieces
  7659 | D:9      | Reached ** piety under Okawaru
  7682 | D:9      | Found Ibla's Antique Weapon Emporium.
  7702 | D:9      | Bought a runed long sword for 108 gold pieces
  7789 | D:9      | Found Qurghiefi's Book Shoppe.
  7817 | D:9      | Found Zaitraw's General Store.
  7825 | D:9      | Reached skill level 10 in Long Blades
  7836 | D:9      | Reached skill level 10 in Shields
  7898 | D:9      | Reached *** piety under Okawaru
  7914 | D:9      | Noticed Gastronok
  7924 | D:9      | Killed Gastronok
  7924 | D:9      | Reached **** piety under Okawaru
  7924 | D:9      | Reached skill level 10 in Armour
  8226 | D:10     | Entered Level 10 of the Dungeon
  8321 | D:10     | Found a staircase to the Lair.
  8356 | D:10     | Found a staircase to the Orcish Mines.
  8360 | D:10     | Reached XP level 11. HP: 92/99 MP: 10/10
  8380 | D:10     | Killed an unseen horror
  8679 | D:10     | Reached skill level 10 in Fighting
  8711 | D:10     | Found a roughly hewn altar of Beogh.
  8735 | D:10     | Reached ***** piety under Okawaru
  9515 | D:11     | Noticed Christof's ghost (journeyman MiFi)
  9547 | D:11     | Killed Christof's ghost
 10100 | D:12     | Noticed Snorg
 10110 | D:12     | Killed Snorg
 10261 | D:12     | Received a gift from Okawaru
 10353 | D:12     | Noticed a deep elf mage
 10364 | D:12     | Killed a deep elf mage
 10440 | D:12     | Noticed a deep elf mage
 10476 | D:12     | Killed a deep elf mage
 10476 | D:12     | Reached XP level 12. HP: 35/108 MP: 11/11
 10689 | D:12     | Noticed a fire giant
 10921 | D:12     | Killed a fire giant
 11391 | D:12     | Noticed a tengu reaver
 11402 | D:12     | HP: 5/110 [tengu reaver/fireball (43)]
 11402 | D:12     | Killed a tengu reaver
 11616 | D:12     | Reached skill level 1 in Invocations
 12270 | D:12     | Found Gosheon's Antique Armour Emporium.
 12325 | D:12     | Noticed a tengu warrior
 12336 | D:12     | Killed a tengu warrior
 12336 | D:12     | Received a gift from Okawaru
 12354 | D:12     | Got an iridescent demon blade {god gift}
 12365 | D:12     | Identified the +1 demon blade of Haunlygg {flame, *Corrode rPois rC++ Dex+8} (Okawaru gifted it to you on level 12 of the Dungeon)
 12393 | D:12     | Noticed a fire giant
 12409 | D:12     | Killed a fire giant
 12600 | Orc:1    | Entered Level 1 of the Orcish Mines
 13371 | D:12     | Received a gift from Okawaru
 13518 | Orc:2    | Entered Level 2 of the Orcish Mines
 13529 | Orc:2    | Reached XP level 13. HP: 118/118 MP: 13/13
 13781 | D:12     | Bought a transparent plate armour for 840 gold pieces
 13795 | D:12     | Identified the +13 plate armour "Barhafot" {Int+2 SInv Stlth+} (You bought it in a shop on level 12 of the Dungeon)
 13887 | Lair:1   | Entered Level 1 of the Lair of Beasts
 14804 | Lair:2   | Reached skill level 5 in Dodging
 14899 | Lair:2   | Reached ****** piety under Okawaru
 14946 | Lair:2   | Got a twisted flail
 14949 | Lair:2   | Received a gift from Okawaru
 14952 | Lair:2   | Identified the +3 flail of Heesilut {freeze, Dex+3} (You found it on level 2 of the Lair of Beasts)
 15483 | Lair:3   | Noticed Gargoyl's ghost (journeyman DsAK)
 15516 | Lair:3   | Killed Gargoyl's ghost
 15763 | Lair:3   | Noticed Urug
 15776 | Lair:3   | Killed Urug
 15780 | Lair:3   | Reached skill level 15 in Shields
 17069 | Lair:4   | Received a gift from Okawaru
 17089 | Lair:4   | Reached skill level 15 in Long Blades
 17102 | Lair:4   | Reached XP level 14. HP: 59/127 MP: 14/14
 17733 | Lair:5   | Found a staircase to the Snake Pit.
 18216 | Lair:6   | Found a staircase to the Swamp.
 18324 | Lair:6   | Found a labyrinth entrance.
 18344 | Lab      | Entered a labyrinth
 18638 | Lab      | Got a scintillating iron ring
 18641 | Lab      | Got a translucent dagger
 18650 | Lab      | Identified the ring "Yddadghi" {+Blink +Fly rPois Str+9 Dex-2} (You found it in a labyrinth)
 18667 | Lair:6   | Identified the +9 dagger of Righteous Fury {pierce, *Contam rF- rC+++ Str+5} (You found it in a labyrinth)
 19953 | Lair:7   | Found a viscous altar of Jiyva.
 19953 | Lair:7   | Found a staircase to the Slime Pits.
 20090 | Lair:7   | Received a gift from Okawaru
 20102 | Lair:7   | Got an ichor-stained great sword {god gift}
 20104 | Lair:7   | Identified a scroll of acquirement
 20105 | Lair:7   | Identified the +9 great sword "Moast" {slice, Dex+5 Stlth+} (Okawaru gifted it to you on level 7 of the Lair of Beasts)
 21105 | Lair:8   | Entered Level 8 of the Lair of Beasts
 21543 | Lair:8   | Noticed Nessos
 21553 | Lair:8   | Killed Nessos
 21591 | Lair:8   | Received a gift from Okawaru
 21868 | Lair:8   | Reached XP level 15. HP: 100/138 MP: 15/15
 21909 | Lair:8   | Got a dazzling long sword
 21911 | Lair:8   | Identified the cursed +1 long sword "Vienidimp" {freeze, rC+} (You found it on level 8 of the Lair of Beasts)
 22246 | Swamp:1  | Entered Level 1 of the Swamp
 22305 | Swamp:1  | Noticed a thorn hunter
 22317 | Swamp:1  | Killed a thorn hunter
 22865 | Swamp:1  | Noticed Roxanne
 22885 | Swamp:1  | Killed Roxanne
 22905 | Swamp:1  | Identified Roxanne's Grimoire of Transmutation (You took it off Roxanne on level 1 of the Swamp)
 23182 | Swamp:1  | Noticed Donald
 23203 | Swamp:1  | Killed Donald
 23764 | Swamp:2  | Received a gift from Okawaru
 23773 | Swamp:2  | Got a pair of fine gloves {god gift}
 23786 | Swamp:2  | Identified the +1 pair of gloves of Nomagrie {MR+ Int+3} (Okawaru gifted it to you on level 2 of the Swamp)
 24905 | Swamp:3  | Identified the Compendium of Translocation and the Oath (You found it on level 3 of the Swamp)
 25266 | Swamp:3  | Reached skill level 15 in Fighting
 25309 | Swamp:4  | Entered Level 4 of the Swamp
 25773 | Swamp:4  | Received a gift from Okawaru
 25814 | Swamp:4  | Reached XP level 16. HP: 125/149 MP: 16/16
 26023 | Swamp:4  | Noticed a thorn hunter
 26025 | Swamp:4  | HP: 5/149 [something/blast of flame (40)]
 26914 | Swamp:4  | Killed a thorn hunter
 27321 | Swamp:4  | Got a decaying rune of Zot
 28918 | D:14     | Reached skill level 15 in Armour
 29169 | D:14     | Found a gate to the Vaults.
 29300 | D:14     | Received a gift from Okawaru
 29363 | D:14     | Found a flagged portal.
 29371 | Bailey   | Entered a bailey
 29884 | D:15     | Entered Level 15 of the Dungeon
 30507 | D:15     | Found a blossoming altar of Fedhas.
 30737 | D:15     | Found a staircase to the Depths.
 31162 | Orc:2    | Found a staircase to the Elven Halls.
 31778 | Orc:2    | Reached XP level 17. HP: 64/158 MP: 17/17
 32578 | Orc:2    | Found Nitenarr's General Store.
 32580 | Orc:2    | Found Libofoer's Jewellery Emporium.
 32584 | Orc:2    | Found Eqiraesu's Antique Armour Emporium.
 32584 | Orc:2    | Found Xuybau's Antique Weapon Shoppe.
 32622 | Orc:2    | Bought a runed cloak for 175 gold pieces
 32975 | Snake:1  | Entered Level 1 of the Snake Pit
 33130 | Snake:1  | Noticed Azrael
 33152 | Snake:1  | Killed Azrael
 33379 | Snake:1  | Received a gift from Okawaru
 33898 | Snake:1  | Noticed Frances
 33908 | Snake:1  | Killed Frances
 34349 | Snake:2  | Found a flickering gateway to a bazaar.
 34353 | Bazaar   | Entered a bazaar
 34353 | Bazaar   | Found Dedemaem's Antique Armour Shoppe.
 34353 | Bazaar   | Found Cezxac's Antique Weapon Shoppe.
 34371 | Bazaar   | Found Utoeb's Gadget Boutique.
 34383 | Bazaar   | Found Eduitil's Distillery.
 34384 | Bazaar   | Found Ynizemyu's General Store.
 34429 | Bazaar   | Bought a spiked large shield for 228 gold pieces
 34442 | Bazaar   | Identified the +3 large shield of the Many Seas {*Confuse rC+ Regen+ Slay+5} (You bought it in a shop in a bazaar)
 34445 | Bazaar   | Bought an encrusted buckler for 228 gold pieces
 34459 | Bazaar   | Identified the +0 buckler of the Crypt {rPois} (You bought it in a shop in a bazaar)
 34485 | Bazaar   | Bought a potion of heal wounds for 50 gold pieces
 34485 | Bazaar   | Bought 2 potions of haste for 200 gold pieces
 34485 | Bazaar   | Bought a potion of heal wounds for 50 gold pieces
 34485 | Bazaar   | Bought a potion of curing for 30 gold pieces
 34485 | Bazaar   | Bought a potion of haste for 100 gold pieces
 34489 | Bazaar   | Bought a potion of cure mutation for 250 gold pieces
 34497 | Bazaar   | Bought a scroll of identify for 18 gold pieces
 34497 | Bazaar   | Bought a potion of heal wounds for 45 gold pieces
 34497 | Bazaar   | Bought a potion of might for 36 gold pieces
 34533 | Bazaar   | Bought a wand of hasting (2/9) for 432 gold pieces
 35275 | Snake:2  | Noticed Jorgrun
 35288 | Snake:2  | Killed Jorgrun
 36298 | Snake:3  | Received a gift from Okawaru
 36828 | Snake:3  | Gained mutation: You have large cloven feet. [potion of beneficial mutation]
 36871 | Snake:3  | Reached XP level 18. HP: 168/168 MP: 18/18
 36996 | Snake:3  | Noticed Norris
 37687 | Snake:3  | Killed Norris
 37733 | Snake:3  | Noticed Vashnia
 37765 | Snake:3  | Killed Vashnia
 38626 | Snake:4  | Entered Level 4 of the Snake Pit
 39412 | Snake:4  | Received a gift from Okawaru
 39416 | Snake:4  | Got a pair of heavily runed boots {god gift}
 39431 | Snake:3  | Identified the -4 pair of boots of the Nightingale {rElec rC- MP+9} (Okawaru gifted it to you on level 4 of the Snake Pit)
 39864 | Snake:4  | Found Nosori's Food Emporium.
 40835 | Snake:4  | Noticed Agnes
 40847 | Snake:4  | Killed Agnes
 41589 | Snake:4  | Received a gift from Okawaru
 41611 | Snake:4  | Reached XP level 19. HP: 98/177 MP: 17/19
 42325 | Snake:4  | Got a serpentine rune of Zot
 43079 | Elf:1    | Entered Level 1 of the Elven Halls
 43333 | Elf:1    | Found Olohischonic's Armour Shoppe.
 43440 | Elf:1    | Received a gift from Okawaru
 43445 | Elf:1    | Got an ancient hat {god gift}
 43761 | Elf:1    | Identified the +0 hat of the Bull {rPois Int+7 Dex-2} (Okawaru gifted it to you on level 1 of the Elven Halls)
 44902 | Elf:2    | Found a runed gate.
 44902 | Elf:2    | Found a runed gate.
 44904 | Elf:2    | Found a runed gate.
 46975 | Elf:3    | Entered Level 3 of the Elven Halls
 47283 | Elf:3    | Reached XP level 20. HP: 156/187 MP: 20/20
 47619 | Elf:3    | Received a gift from Okawaru
 47785 | Elf:3    | Found a deep blue altar of Sif Muna.
 48280 | Elf:3    | Got a steaming long sword {flame}
 48297 | Elf:3    | Got a smoking platinum ring
 48324 | Elf:3    | Identified the ring "Uguquism" {SustAt MP+9} (You took it off a deep elf mage on level 3 of the Elven Halls)
 48480 | Elf:3    | Identified the +5 long sword of Destiny {flame, rPois} (You took it off a deep elf mage on level 3 of the Elven Halls)
 49277 | Elf:3    | Received a gift from Okawaru
 50090 | Elf:3    | Identified the Almanac of Enhancements
 50389 | Elf:3    | Identified the Incunabulum of Attacks and Ice
 51141 | Vaults:1 | Entered Level 1 of the Vaults
 51186 | Vaults:1 | Noticed Saint Roka
 51237 | Vaults:1 | HP: 5/189 [Saint Roka/divine providence (12)]
 51706 | Vaults:1 | Killed Saint Roka
 53497 | Vaults:1 | Reached XP level 21. HP: 196/196 MP: 21/21
 53595 | Vaults:1 | Received a gift from Okawaru
 55207 | Vaults:2 | Noticed Asterion
 55216 | Vaults:2 | Killed Asterion
 56116 | Vaults:2 | Received a gift from Okawaru
 58741 | Vaults:3 | Reached XP level 22. HP: 191/207 MP: 22/22
 59245 | Vaults:3 | Found a staircase to the Crypt.
 59577 | Vaults:3 | Received a gift from Okawaru
 59847 | Vaults:4 | Found a magical portal.
 59919 | WizLab   | Entered The Roulette of Golubria
 59923 | WizLab   | Found a corrupted altar of Lugonu.
 60067 | WizLab   | Identified Golubria's Grimoire of the Compass
 60365 | WizLab   | Found a corrupted altar of Lugonu.
 60624 | WizLab   | Found a corrupted altar of Lugonu.
 60772 | WizLab   | Got a spiked cloak
 60783 | WizLab   | Identified the +4 cloak of Uckuikh {rC+ Str+3 SInv} (You found it in a wizard's laboratory)
 60799 | WizLab   | Got a smoking cloak
 60810 | WizLab   | Identified the +0 cloak of Enodojio {Int+2} (You found it in a wizard's laboratory)
 60831 | WizLab   | Identified the Compendium of the Raven
 60966 | Vaults:4 | Found Ruihyl's Distillery.
 60973 | Vaults:4 | Bought a potion of heal wounds for 80 gold pieces
 60973 | Vaults:4 | Bought a potion of heal wounds for 80 gold pieces
 60973 | Vaults:4 | Bought a potion of heal wounds for 80 gold pieces
 62795 | Vaults:5 | Entered Level 5 of the Vaults
 62823 | Vaults:4 | Received a gift from Okawaru
 62847 | Vaults:4 | Got a bloodstained cloak {god gift}
 62861 | Vaults:4 | Identified the -4 cloak of Hairiness {*Corrode Str+9 Int-4 SInv} (Okawaru gifted it to you on level 4 of the Vaults)
 63369 | Vaults:5 | Reached XP level 23. HP: 187/217 MP: 23/23
 64270 | Vaults:5 | HP: 8/218 [flail of holy wrath (22)]
 65309 | Vaults:5 | Received a gift from Okawaru
 65318 | Vaults:5 | Got a twisted scimitar {god gift}
 65351 | Vaults:4 | Identified the +5 scimitar "Hellblazer" {venom, Str+4} (Okawaru gifted it to you on level 5 of the Vaults)
 66268 | Vaults:5 | Got a steaming gossamer ring
 66269 | Vaults:5 | Identified the ring "Reni Dausair" {rPois rF+ Str+4} (You took it off a tengu reaver on level 5 of the Vaults)
 67026 | Vaults:5 | Got a sparkling lapis lazuli ring
 67043 | Vaults:5 | Identified the ring of Xuwulleo {rN+ Str+2} (You took it off an orc on level 5 of the Vaults)
 67101 | Vaults:5 | Reached XP level 24. HP: 228/228 MP: 24/24
 67118 | Vaults:5 | Received a gift from Okawaru
 67383 | Vaults:5 | Got a shimmering pewter amulet
 67385 | Vaults:5 | Identified the amulet of Qiyq {Dismiss rN+ SInv} (You found it on level 5 of the Vaults)
 67474 | Vaults:5 | Found Amumyg's Assorted Antiques.
 67619 | Vaults:5 | Identified the Papyrus of Combat Magic and Weightlessness
 67621 | Vaults:5 | Identified the Tome of Augmentations
 67692 | Vaults:5 | Got a silver rune of Zot
 68441 | Slime:1  | Entered Level 1 of the Pits of Slime
 69875 | Slime:4  | Received a gift from Okawaru
 70368 | Slime:6  | Entered Level 6 of the Pits of Slime
 71279 | Slime:5  | Reached skill level 27 in Long Blades
 71338 | Slime:4  | Received a gift from Okawaru
 71585 | Slime:6  | Found a viscous altar of Jiyva.
 71590 | Slime:6  | Noticed the Royal Jelly
 71604 | Slime:6  | Killed the Royal Jelly
 71604 | Slime:6  | Reached skill level 27 in Shields
 71976 | Slime:6  | Received a gift from Okawaru
 72889 | Slime:6  | Gained mutation: You are weak. (Str -2) [a shining eye]
 73011 | Slime:6  | Got a smoking falchion
 73012 | Slime:6  | Identified the +9 falchion of Waarhau {flame, rN+ Dex+4} (You found it on level 6 of the Pits of Slime)
 73019 | Slime:6  | Got a pitted scimitar
 73020 | Slime:6  | Identified the +7 scimitar "Imp's Regret" {freeze, Str+5} (You acquired it on level 6 of the Pits of Slime)
 73084 | Slime:6  | Got a slimy pewter ring
 73085 | Slime:6  | Identified a ring of Efitan {Fire rN+ Dex+2} (You found it on level 6 of the Pits of Slime)
 73162 | Slime:6  | Got a translucent great sword
 73163 | Slime:6  | Identified the +2 great sword "Mogra" {freeze, rF+++ rN++ Dex+3} (You found it on level 6 of the Pits of Slime)
 73187 | Slime:6  | Got a slimy rune of Zot
 73599 | Lair:1   | Lost mutation: You are weak. (Str -2) [potion of cure mutation]
 73599 | Lair:1   | Lost mutation: You have large cloven feet. [potion of cure mutation]
 73808 | Vaults:2 | Reached XP level 25. HP: 221/239 MP: 24/24
 74122 | Crypt:1  | Entered Level 1 of the Crypt
 74263 | Crypt:1  | Reached skill level 1 in Evocations
 74377 | Crypt:1  | Noticed Margery
 74408 | Crypt:1  | Killed Margery
 75496 | Crypt:3  | Entered Level 3 of the Crypt
 75845 | Crypt:3  | Got a glittering turquoise ring
 75845 | Crypt:3  | Got a faintly glowing copper amulet
 75845 | Crypt:3  | Got a warped glass ring
 75846 | Crypt:3  | Identified the amulet of the Queen {rElec Regen+ Dex+6 Stlth-} (You found it on level 3 of the Crypt)
 75847 | Crypt:3  | Identified the ring of the Queen {rElec rPois rF- rN+ Slay-5} (You found it on level 3 of the Crypt)
 75850 | Crypt:3  | Got an ancient chain mail
 75851 | Crypt:3  | Identified the ring "Goriethrabbi" {rN+ Dex+3} (You found it on level 3 of the Crypt)
 75852 | Crypt:3  | Identified the +8 chain mail of Panentheism {Str+3} (You found it on level 3 of the Crypt)
 76002 | Crypt:3  | Received a gift from Okawaru
 76638 | Crypt:3  | Found an ancient bone altar of Kikubaaqudgha.
 76698 | Crypt:3  | Identified the Compendium of the Escort and Darkness
 76710 | Crypt:3  | Noticed an ancient lich
 76716 | Crypt:3  | Killed an ancient lich
 76865 | Crypt:3  | Found a staircase to the Tomb.
 77888 | Depths:1 | Entered Level 1 of the Depths
 77888 | Depths:1 | Found a gateway to Hell.
 78006 | Depths:1 | Found a gateway to a ziggurat.
 78095 | Depths:1 | Noticed Nikola
 78120 | Depths:1 | Killed Nikola
 79083 | Depths:1 | Found a one-way gate leading to the halls of Pandemonium.
 79383 | Depths:1 | Reached XP level 26. HP: 258/258 MP: 24/24
 79801 | Depths:2 | Received a gift from Okawaru
 80005 | Depths:2 | Received a gift from Okawaru
 81112 | Depths:3 | Found Abbun's Jewellery Shoppe.
 81291 | Depths:3 | Noticed Xtahua
 81308 | Depths:3 | Killed Xtahua
 81386 | Depths:3 | Gained mutation: You are partially covered in large bone plates (AC +2, SH +2). [potion of beneficial mutation]
 81584 | Depths:3 | Found a one-way gate to the infinite horrors of the Abyss.
 82560 | Depths:3 | Noticed a juggernaut
 82576 | Depths:3 | Killed a juggernaut
 82576 | Depths:3 | Received a gift from Okawaru
 83123 | Depths:3 | Reached skill level 27 in Fighting
 83316 | Depths:3 | Identified Ywkimoq's Grimoire of the Floating Escort
 83328 | Depths:3 | Got a sparkling ivory ring
 83329 | Depths:3 | Identified the ring "Syklet" {rF+ MR+++ MP-9 Int-5 Stlth+} (You found it on level 3 of the Depths)
 84146 | Depths:4 | Found Nechidgho's Weapon Shoppe.
 84324 | Depths:4 | Reached XP level 27. HP: 201/272 MP: 24/24
 84368 | Depths:4 | Gained mutation: You evolve. [potion of beneficial mutation]
 84453 | Depths:4 | Noticed a juggernaut
 84466 | Depths:4 | Killed a juggernaut
 84621 | Depths:5 | Entered Level 5 of the Depths
 84896 | Depths:5 | Received a gift from Okawaru
 85054 | Depths:5 | Got a shimmering cloak {god gift}
 85069 | Depths:5 | Identified the +1 cloak of the Original Sin {*Drain rN+ Stlth+} (Okawaru gifted it to you on level 5 of the Depths)
 85103 | Depths:5 | Found Kaheoll's Distillery.
 85636 | Depths:5 | Found a gate to the Realm of Zot.
 85643 | Depths:5 | Reached skill level 5 in Stealth
 86012 | Zot:1    | Entered Level 1 of the Realm of Zot
 86159 | Zot:1    | Got a steaming buckler
 86170 | Zot:1    | Identified the +2 buckler of Absence {*Corrode +Blink rC+ Int+4} (You found it on level 1 of the Realm of Zot)
 86550 | Zot:1    | Noticed an orb of fire
 86551 | Zot:1    | Gained mutation: You are frail (-10% HP). [an orb of fire]
 86558 | Zot:1    | Gained mutation: Your spells are a little easier to cast, but a little less powerful. [an orb of fire]
 86563 | Zot:1    | Killed an orb of fire
 86563 | Zot:1    | Reached skill level 27 in Armour
 86711 | Zot:2    | Reached skill level 5 in Invocations
 86782 | Zot:2    | Reached skill level 5 in Evocations
 87009 | Zot:2    | Received a gift from Okawaru
 87774 | Zot:3    | Noticed an orb of fire
 87797 | Zot:3    | Gained mutation: You tend to lose your temper in combat. [an orb of fire]
 87798 | Zot:3    | Killed an orb of fire
 87828 | Zot:3    | Noticed an orb of fire
 87857 | Zot:3    | Killed an orb of fire
 87857 | Zot:3    | Reached skill level 10 in Evocations
 87868 | Zot:3    | HP: 10/244 [storm dragon/bolt of lightning (34)]
 87875 | Zot:3    | Killed from afar by a black draconian

Skill      XL: |  1  2  3  4  5  6  7  8  9 10 11 12 13 14 15 16 17 18 19 20 21 22 23 24 25 26 27 |
---------------+----------------------------------------------------------------------------------+-----
Armour         | 4 5 6 7 9 10 11 12 13 14 15 16 17 18 19 20 21 23 25 27 | 27.0
Fighting       | 4 5 7 8 9 10 12 14 15 16 17 18 19 20 21 22 25 27 | 27.0
Long Blades    | 3 4 5 7 9 10 12 13 15 16 17 18 20 21 22 23 24 25 26 27 | 27.0
Shields        | 4 5 6 7 8 10 12 13 15 17 18 19 20 21 22 23 24 25 26 27 | 27.0
Dodging        | 1 2 3 4 5 6 7 |  7.3
Stealth        | 1 2 4 5 |  5.1
Invocations    | 1 2 3 7 |  7.1
Evocations     | 2 10 | 10.3

Action                   |  1- 3 |  4- 6 |  7- 9 | 10-12 | 13-15 | 16-18 | 19-21 | 22-24 | 25-27 || total
-------------------------+-------+-------+-------+-------+-------+-------+-------+-------+-------++-------
Melee: Long sword        |    90 |   133 |   373 |   518 |  1187 |  1532 |  1234 |       |       ||  5067
       Headbutt          |    14 |    29 |    75 |   110 |   328 |   458 |   503 |   678 |  1069 ||  3264
       Demon blade       |       |       |       |       |       |       |   376 |  1739 |       ||  2115
       Scimitar          |       |       |       |       |       |       |       |    15 |       ||    15
       Falchion          |       |       |       |       |       |       |       |    59 |  2437 ||  2496
Invok: Heroism           |       |       |       |     7 |     2 |    16 |     4 |     6 |     4 ||    39
Evoke: Wand              |       |       |       |       |       |     1 |       |     4 |     7 ||    12
  Use: Potion            |       |     1 |     1 |     1 |       |     5 |     6 |     8 |     2 ||    24
       Scroll            |       |       |    10 |    18 |    20 |    11 |    11 |    15 |    14 ||    99
 Stab: Held in net/web   |       |       |       |       |       |     1 |       |       |       ||     1
       Fleeing           |       |       |       |       |       |       |       |     1 |       ||     1
       Distracted        |       |       |       |       |       |       |       |       |     1 ||     1
  Eat: Chunk             |       |     6 |    11 |    18 |    31 |    38 |    86 |    84 |    80 ||   354
       Fruit             |       |       |     4 |     1 |     5 |     4 |       |       |     7 ||    21
       Pizza             |       |       |       |     2 |       |     4 |       |     2 |     2 ||    10
       Royal jelly       |       |       |       |       |     1 |     2 |       |       |     1 ||     4
       Beef jerky        |       |       |       |       |     2 |     1 |     3 |     7 |       ||    13
Armor: Scale mail        |    36 |    30 |       |       |       |       |       |       |       ||    66
       Plate armour      |       |     8 |   194 |   191 |   645 |   478 |       |       |       ||  1516
       Gold dragon armou |       |       |       |       |       |   302 |   721 |   996 |   766 ||  2785
Dodge: Dodged            |    27 |    32 |    80 |    96 |   359 |   528 |   380 |   546 |   589 ||  2637
Block: Shield            |    43 |    65 |   200 |   357 |   283 |       |       |       |       ||   948
       Reflection        |       |       |       |    14 |    11 |   143 |   131 |   113 |   119 ||   531
       Buckler           |       |       |       |       |   695 |  1300 |  1066 |  1437 |   520 ||  5018
       Large shield      |       |       |       |       |       |       |       |       |  1970 ||  1970
